 Dungeon Crawl Stone Soup version 0.22.0-27-ga576289 (webtiles) character file.

216 corax the Sneak (level 5, -1/36 HPs)
             Began as an Octopode Assassin on Aug 21, 2018.
             Slain by a quokka (4 damage)
             ... on level 4 of the Dungeon.
             The game lasted 00:04:09 (1958 turns).

corax the Sneak (Octopode Assassin)                 Turns: 1958, Time: 00:04:10

Health: -1/36      AC:  1    Str: 11    XL:     5   Next: 93%
Magic:  5/5        EV: 14    Int: 13    God:
Gold:   104        SH:  0    Dex: 14    Spells: 4/4 levels left

rFire    . . .     SeeInvis +   a - +1 dagger (speed)
rCold    . . .     Gourm    .   (no shield)
rNeg     . . .     Faith    .   (helmet restricted)
rPois    .         Spirit   .   (no amulet)
rElec    .         Reflect  .   g - ring of see invisible
rCorr    .         Harm     .   p - ring of protection from magic (curse)
MR       +....                  (no ring)
Stlth    ++++......             (no ring)
HPRegen  0.12/turn              (no ring)
MPRegen  0.09/turn              (no ring)
                                (no ring)
                                (no ring)

@: no status effects
A: almost no armour, stealthy swim, amphibious, 8 rings, constrict 8, camouflage
1, gelatinous body 1
a: no special abilities


You were on level 4 of the Dungeon.
You were not hungry.

You visited 1 branch of the dungeon, and saw 4 of its levels.

You collected 104 gold pieces.

Inventory:

Hand Weapons
 a - a +1 dagger of speed (weapon)
 b - a +0 blowgun
 e - a +2 dagger
Missiles
 c - 8 poisoned needles
 d - 2 curare-tipped needles
Jewellery
 g - a ring of see invisible (left tentacle)
 p - a cursed ring of protection from magic (right tentacle)
Scrolls
 l - 2 scrolls of random uselessness {unknown}
 m - a scroll of enchant armour {unknown}
 o - a scroll of amnesia {unknown}
 q - 2 scrolls of identify {unknown}
 r - a scroll of immolation {unknown}
 u - a scroll of teleportation {unknown}
Potions
 h - a potion of magic {unknown}
 i - 3 potions of curing {unknown}
 j - a potion of invisibility {unknown}
 k - a potion of brilliance {unknown}
 n - a potion of resistance {unknown}
 t - a potion of might {unknown}
 v - a potion of agility {unknown}
Comestibles
 f - 5 rations


   Skills:
 + Level 3.1 Fighting
 + Level 3.1 Short Blades
 + Level 3.1 Throwing
 + Level 2.5 Dodging
 + Level 6.4 Stealth


You had 4 spell levels left.
You didn't know any spells.
Your spell library was empty.

Dungeon Overview and Level Annotations

Branches:
Dungeon (4/15)
 Temple: D:4-7

Altars:
Trog
Xom


Innate Abilities, Weirdness & Mutations

You cannot wear most types of armour.
You are very stealthy in the water. (Stealth+)
You are amphibious.
You can wear up to eight rings at the same time.
You can use your tentacles to constrict eight enemies at once.
Your skin changes colour to match your surroundings (Stealth+).
Your rubbery body absorbs attacks. (AC +1, EV +1)


Message History

You constrict the orc, but do no damage.
The orc hits you.
* * * LOW HITPOINT WARNING * * *
You hit the orc.
The orc is lightly wounded.
You constrict the orc.
The quokka twitches its whiskers.
You hit the orc.
The orc is heavily wounded.
You constrict the orc, but do no damage.
The orc misses you. The orc barely misses you.
You hit the orc but do no damage. You squeeze the orc.
The orc is almost dead.
You constrict the orc.
You kill the orc!
The orc barely misses you.
You see here a ring mail.
The orc misses you. The quokka closely misses you. The quokka bites you.
You die...

#.#######.# #.......#.#
#######.#.#####.#
#..............#
#.####.#.###### ...#.# .
###.#.#### .s#
#######....###########...#
.......>....@r............
#######.))..o....[........
##...##############. ##.##
#.# ... #.... #.....
#.....


You could see an orc and a quokka.

Vanquished Creatures
  An orc priest (D:3)
  3 orc wizards
  A worker ant (D:3)
  2 adders (D:3)
  2 oozes
  A worm (D:2)
  A dart slug (D:1)
  6 orcs
  A ball python (D:3)
  5 bats
  3 giant cockroaches
  2 goblins
  5 hobgoblins
  2 kobolds (D:1)
  2 quokkas (D:3)
  5 frilled lizards
  5 rats
47 creatures vanquished.

Notes
Turn   | Place    | Note
-------+----------+-------------------------------------------
     0 | D:1      | corax the Octopode Assassin began the quest for the Orb.
     0 | D:1      | Reached XP level 1. HP: 14/14 MP: 1/1
    74 | D:1      | Reached XP level 2. HP: 6/19 MP: 2/2
   783 | D:2      | Reached XP level 3. HP: 18/24 MP: 3/3
   797 | D:2      | Found a shimmering altar of Xom.
   828 | D:2      | Found a bloodstained altar of Trog.
  1293 | D:3      | Reached XP level 4. HP: 24/30 MP: 4/4
  1589 | D:3      | Reached skill level 6 in Stealth
  1589 | D:3      | Reached XP level 5. HP: 36/36 MP: 5/5
  1947 | D:4      | HP: 1/36 [orc (4)]
  1958 | D:4      | Slain by a quokka

Skill      XL: |  1  2  3  4  5 |
---------------+----------------+-----
Dodging        | 2 |  2.5
Stealth        | 6 |  6.4
Fighting       | 3 |  3.1
Short Blades   | 3 |  3.1
Throwing       | 3 |  3.1

Action                   |  1- 3 |  4- 6 || total
-------------------------+-------+-------++-------
Melee: Dagger            |    46 |    61 ||   107
       Constrict         |     6 |    14 ||    20
       Tentacles         |     7 |     8 ||    15
 Stab: Sleeping          |     8 |     9 ||    17
  Eat: Chunk             |     1 |     2 ||     3
Armor: Skin              |     3 |     3 ||     6
Dodge: Dodged            |    14 |    24 ||    38
